 Dungeon Crawl Stone Soup version 0.25.0-46-gbd7b0854d2 (console) character file.

Game seed: 13207212433848312604

455 Colgate the Chucker (level 6, -2/52 HPs)
             Began as a Centaur Fighter on July 13, 2020.
             Was a Follower of Uskayaw.
             Killed by divine providence
             ... invoked by an orc priest
              (14 damage)
             ... on level 4 of the Dungeon.
             The game lasted 00:42:46 (3205 turns).

Colgate the Chucker (Centaur Fighter)               Turns: 3205, Time: 00:42:47

Health: -2/52      AC:  7    Str: 26    XL:     6   Next: 76%
Magic:  6/6        EV:  8    Int:  7    God:    Uskayaw [*.....]
Gold:   110        SH: 14    Dex:  9    Spells: 5/5 levels left

rFire    . . .     SeeInvis .   z - -1 mace (curse)
rCold    . . .     Gourm    .   H - +0 tower shield
rNeg     . . .     Faith    +   b - +0 scale mail
rPois    .         Spirit   .   (no helmet)
rElec    .         Reflect  .   D - +0 cloak
rCorr    .         Harm     .   (no gloves)
MR       .....                  (no barding)
Stlth    ..........             K - amulet of faith
HPRegen  0.17/turn              s - +6 ring of strength
MPRegen  0.10/turn              y - +4 ring of evasion

@: lightly drained, very quick
A: large, hooves 3, deformed body, speed 2, tough skin 3
a: Stomp, Renounce Religion


You were on level 4 of the Dungeon.
You worshipped Uskayaw.
Uskayaw was noncommittal.
You were not hungry.

You visited 1 branch of the dungeon, and saw 4 of its levels.

You collected 110 gold pieces.

Inventory:

Hand Weapons
 a - a +0 war axe
 v - a +0 vorpal war axe
 z - a cursed -1 mace (weapon)
 C - a +4 quarterstaff of chaos
 E - a +2 mace of holy wrath
Missiles
 h - 11 sling bullets
 n - 53 stones (quivered)
 o - 51 bolts
 J - 20 arrows
Armour
 b - a +0 scale mail (worn)
 c - a +0 kite shield
 e - a +0 ring mail
 i - a +0 robe
 l - a +0 chain mail
 D - a +0 cloak (worn)
 H - a +0 tower shield (worn)
Jewellery
 s - a +6 ring of strength (left hand)
 y - a +4 ring of evasion (right hand)
 G - an uncursed ring of protection from magic
 K - an amulet of faith (around neck)
Wands
 A - a wand of random effects (19)
Scrolls
 k - a scroll of teleportation
 q - a scroll of enchant weapon
 r - a scroll of amnesia
 F - a scroll of identify
 I - a scroll of enchant armour {unknown}
Potions
 d - a potion of might
 j - a potion of flight {unknown}
 m - 2 potions of magic {unknown}
 p - 4 potions of stabbing
 t - 4 potions of heal wounds {unknown}
 u - a potion of lignification {unknown}
 w - a potion of invisibility {unknown}
 B - 3 potions of brilliance {unknown}
 L - a potion of ambrosia {unknown}
Comestibles
 f - 9 rations
 g - 10 chunks of flesh


   Skills:
 - Level 4.0(3.8) Fighting
 + Level 4.0(3.9) Axes
 - Level 5.0(4.8) Throwing
 - Level 2.1(2.0) Armour
 - Level 1.1(1.0) Dodging
 - Level 2.1(2.0) Shields


You had 5 spell levels left.
You didn't know any spells.
Your spell library was empty.

Dungeon Overview and Level Annotations

Branches:
Dungeon (4/15)
 Temple: D:4-7

Altars:
Elyvilon
Uskayaw
Wu Jian
Yredelemnul


Innate Abilities, Weirdness & Mutations

You have hooves in place of feet.
Armour fits poorly on your strangely shaped body.
You cover ground very quickly.
You have extremely tough skin. (AC +3)


Message History

The orc priest calls down the wrath of Beogh upon you.
Pain shoots through your body!
* * * LOW HITPOINT WARNING * * *
You can no longer pass through a line of other dancers.
Throwing (i - inventory)
n - 55 stones (quivered)
Press: ? - help, Shift-Dir - straight line, f/p - orc priest
Aim: an orc priest, wielding a +0 whip You throw a stone.
The stone hits the orc priest but does no damage.
Throwing (i - inventory)
n - 54 stones (quivered)
Press: ? - help, Shift-Dir - straight line, f/p - orc priest
Aim: an orc priest, wielding a +0 whip You throw a stone.
The stone closely misses the orc priest.
The stone barely misses the orc priest.
The stone hits the orc.
The orc is severely wounded.
You block the orc priest's attack.
The orc priest invokes the aid of Beogh against you.
Beogh smites you!
You die...

#.# #......
#.#
##..##.#
#.# #..# #
####.# #..#
#....# ..#
#.#### ..#
#.# #.# #.#
#.# #@#
##o########
#.oo.......
#)(########
#)(# #.(#
.%.# #.(.#
#.#(# #.#.#
#. (#


You could see 2 orc priests and an orc.

Vanquished Creatures
  An ogre (D:4)
  A howler monkey (D:4)
  An orc priest (D:4)
  3 hounds (D:4)
  Crazy Yiuf (D:2)
  An iguana (D:4)
  A worker ant (D:4)
  5 adders
  An adder skeleton (D:4)
  2 worms
  2 dart slugs
  3 leopard geckos
  5 orcs
  A ball python (D:1)
  6 bats
  5 giant cockroaches
  5 hobgoblins
  3 kobolds
  3 quokkas
  4 frilled lizards
  10 goblins
  9 rats
73 creatures vanquished.

Notes
Turn   | Place    | Note
-------+----------+-------------------------------------------
     0 | D:1      | Colgate the Centaur Fighter began the quest for the Orb.
     0 | D:1      | Reached XP level 1. HP: 19/19 MP: 1/1
   283 | D:1      | Reached XP level 2. HP: 24/26 MP: 2/2
  1083 | D:2      | Reached XP level 3. HP: 18/33 MP: 3/3
  1343 | D:2      | Found a white marble altar of Elyvilon.
  1344 | D:2      | Found an ornate altar of the Wu Jian Council.
  1344 | D:2      | Found a hide-covered altar of Uskayaw.
  1362 | D:2      | Became a worshipper of Uskayaw the Reveler
  1366 | D:2      | Reached * piety under Uskayaw
  1368 | D:2      | Reached skill level 1 in Dodging
  1775 | D:2      | Found a runed translucent door.
  1777 | D:2      | Noticed Crazy Yiuf
  1784 | D:2      | Killed Crazy Yiuf
  1784 | D:2      | Reached XP level 4. HP: 22/40 MP: 4/4
  1784 | D:2      | Reached ** piety under Uskayaw
  2076 | D:2      | Reached skill level 1 in Throwing
  2077 | D:2      | Found a basalt altar of Yredelemnul.
  2585 | D:3      | Reached skill level 2 in Throwing
  2585 | D:3      | Reached XP level 5. HP: 46/46 MP: 5/5
  2671 | D:4      | Noticed an ogre
  2679 | D:4      | Killed an ogre
  2679 | D:4      | Reached skill level 4 in Throwing
  2926 | D:4      | Reached XP level 6. HP: 52/52 MP: 6/6
  2935 | D:4      | Reached skill level 5 in Throwing
  2935 | D:4      | Reached *** piety under Uskayaw
  2941 | D:4      | Reached **** piety under Uskayaw
  2953 | D:4      | Reached ***** piety under Uskayaw
  3205 | D:4      | Killed from afar by an orc priest

Illustrated notes

Levels and vault maps discovered:
D:1:      dpeg_arrival_refuge, layout_basic, glass_columns_b
D:2:      layout_rooms, lemuel_crystal_altar,
          chequers_temple_overflow_statue_of_worship, serial_glass,
          glass_columns_a, glass_columns_c, glass_columns_b, glass_columns_c,
          glass_columns_c, glass_columns_c, dk_vineyard_1, minmay_tetromino_s4,
          uniq_crazy_yiuf_cottage
D:3:      layout_basic, lemuel_doored_altar
D:4:      layout_loops_ring, first_ration, serial_shops,
          nicolae_shop_temple_entry_statues_fountains

Skill      XL: |  1  2  3  4  5  6 |
---------------+-------------------+-----
Fighting       | 4 |  4.0
Axes           | 2 3 4 |  4.0
Dodging        | 1 |  1.1
Throwing       | 2 4 5 |  5.0
Armour         | |  2.1
Shields        | |  2.1

Action                   |  1- 3 |  4- 6 || total
-------------------------+-------+-------++-------
Melee: War axe           |   103 |       ||   103
       Kick              |    17 |    18 ||    35
       Mace              |       |    70 ||    70
Throw: Stone             |    56 |    44 ||   100
       Dart              |       |    60 ||    60
Invok: Stomp             |       |     1 ||     1
  Use: Scroll            |       |     7 ||     7
 Stab: Paralysed         |       |     1 ||     1
  Eat: Chunk             |     2 |     4 ||     6
Armor: Robe              |    22 |       ||    22
       Scale mail        |     9 |    44 ||    53
Dodge: Dodged            |    32 |    46 ||    78
Block: Kite shield       |    44 |    32 ||    76
       Tower shield      |       |    36 ||    36
